 Dungeon Crawl Stone Soup version 0.18.1-1-g2f07953 (webtiles) character file.

99 Ptimou the Insei (level 5, -2/37 HPs)
             Began as a Human Transmuter on May 7, 2016.
             Slain by pedritolo's ghost (11 damage)
             ... on level 3 of the Dungeon.
             The game lasted 00:20:42 (1684 turns).

Ptimou the Insei (Human Transmuter)                 Turns: 1684, Time: 00:20:43

Health: -2/37      AC:  4    Str: 11    XL:     5   Next: 2%
Magic:  0/8        EV: 13    Int: 14    God:
Gold:   89         SH:  0    Dex: 13    Spells: 3 memorised, 2 levels left

rFire  . . .     SeeInvis .     f - +0 spear
rCold  . . .     Gourm    .     j - +2 robe (curse)
rNeg   . . .     Faith    .     (no shield)
rPois  .         Spirit   +     (no helmet)
rElec  .         Dismiss  .     (no cloak)
rCorr  .         Reflect  .     (no gloves)
SustAt .         Harm     .     (no boots)
MR     .....                    h - amulet of guardian spirit (curse)
Stlth  ++........               (no ring)
                                (no ring)

@: not resistant to hostile enchantments, unstealthy
A: no striking features
a: no special abilities


You were on level 3 of the Dungeon.
You were not hungry.

You visited 1 branch of the dungeon, and saw 3 of its levels.

You collected 89 gold pieces.

Inventory:

Hand Weapons
 f - a +0 spear (weapon)
Missiles
 a - 12 arrows
 i - 7 javelins of penetration (quivered)
Armour
 b - a +0 robe
 d - a +0 pair of gloves
 j - a cursed +2 robe (worn)
 m - a +0 robe
Jewellery
 e - an uncursed amulet of faith
 h - a cursed amulet of guardian spirit (around neck)
Wands
 o - a wand of paralysis (16/24)
Scrolls
 k - a scroll of recharging
Potions
 g - a potion of berserk rage
Books
 c - a book of Changes

   Spells                             Type                      Level
   a - Beastly Appendage              Transmutation                1
   b - Sticks to Snakes               Transmutation                2
   c - Spider Form                    Transmutation/Poison         3
   d - Ice Form                       Ice/Transmutation            4
   e - Blade Hands                    Transmutation                5


   Skills:
 + Level 1.2 Fighting
 + Level 0.4 Polearms
 + Level 3.0 Dodging
 + Level 1.2 Stealth
 + Level 3.3 Unarmed Combat
 + Level 2.2 Spellcasting
 * Level 2.8 Transmutations
 + Level 1.0 Poison Magic


You had 2 spell levels left.
You knew the following spells:

 Your Spells              Type           Power        Failure   Level  Hunger
a - Beastly Appendage     Trmt           #.....       10%         1    #......
b - Sticks to Snakes      Trmt           #.......     14%         2    ###....
c - Spider Form           Trmt/Pois      #.........   38%         3    ###....


Dungeon Overview and Level Annotations

Branches:
Dungeon (3/15)

Altars:
Qazlal

Annotations:
D:3 pedritolo's ghost, amateur TrTm


Message History

You hit the jackal.
You kill the jackal!
You hit pedritolo's ghost but do no damage.
Pedritolo's ghost closely misses you.
You barely miss pedritolo's ghost. Pedritolo's ghost closely misses you.
Pedritolo's ghost hits you!
You hit pedritolo's ghost.
Pedritolo's ghost is lightly damaged.
Pedritolo's ghost barely misses you.
You hit pedritolo's ghost.
Pedritolo's ghost is lightly damaged.
Pedritolo's ghost hits you!
You hit pedritolo's ghost but do no damage.
Pedritolo's ghost is lightly damaged.
Pedritolo's ghost hits you!
* * * LOW HITPOINT WARNING * * *
You hit pedritolo's ghost but do no damage.
Pedritolo's ghost is lightly damaged.
Pedritolo's ghost hits you!
You die...

#........#
#......(.##...
#........##..
#........##..
#........##..
######...##.#
##########'###/#
#..........# #W#
#.########## #@#
#.# #.....# #.#
#.# #.###.# #.#
#.# #.# #.###.#
###.# #.#
#.....# ....#
#.# #######
##### #.# #.#
########.#


You could see pedritolo's ghost.

Vanquished Creatures
  4 adders (D:2)
  An ooze (D:3)
  A worm (D:2)
  2 dart slugs
  3 giant geckos
  6 giant cockroaches
  3 goblins
  4 hobgoblins
  7 jackals
  A ball python (D:1)
  2 bats
  4 giant newts
  4 kobolds
  9 rats
51 creatures vanquished.

Notes
Turn   | Place    | Note
--------------------------------------------------------------
     0 | D:1      | Ptimou the Human Transmuter began the quest for the Orb.
     0 | D:1      | Reached XP level 1. HP: 15/15 MP: 3/3
   229 | D:1      | Reached XP level 2. HP: 19/21 MP: 0/5
   234 | D:1      | Learned a level 2 spell: Sticks to Snakes
   797 | D:2      | Reached XP level 3. HP: 26/26 MP: 6/6
   841 | D:2      | Learned a level 3 spell: Spider Form
  1041 | D:2      | Reached skill level 1 in Stealth
  1044 | D:2      | Found a stormy altar of Qazlal.
  1069 | D:2      | Reached XP level 4. HP: 22/32 MP: 3/7
  1168 | D:2      | Paralysed by you for 6 turns
  1229 | D:2      | HP: 1/32 [jackal (2)]
  1602 | D:3      | Reached skill level 1 in Poison Magic
  1669 | D:3      | Noticed pedritolo's ghost (amateur TrTm)
  1669 | D:3      | Reached XP level 5. HP: 35/37 MP: 5/8
  1684 | D:3      | Slain by pedritolo's ghost

Skill      XL: |  1  2  3  4 |
---------------+-------------+-----
Stealth        | 1 |  1.2
Dodging        | 3 |  3.0
Poison Magic   | 1 |  1.0
Fighting       | |  1.2
Polearms       | |  0.4
Unarmed Combat | |  3.3
Spellcasting   | |  2.2
Transmutations | |  2.8

Action                   |  1- 3 |  4- 6 || total
-------------------------+-------+-------++-------
Melee: Unarmed           |    15 |    12 ||    27
       Spear             |    74 |    92 ||   166
Throw: Javelin           |     1 |     1 ||     2
 Cast: Beastly Appendage |     8 |       ||     8
       Spider Form       |     4 |     5 ||     9
Evoke: Wand              |       |     1 ||     1
  Use: Potion            |     7 |     2 ||     9
       Scroll            |     7 |     2 ||     9
 Stab: Sleeping          |     4 |       ||     4
       Invisible         |       |     1 ||     1
  Eat: Bread ration      |     1 |       ||     1
       Meat ration       |       |     1 ||     1
Armor: Robe              |    24 |    25 ||    49
       Skin              |     2 |     2 ||     4
Dodge: Dodged            |    63 |    69 ||   132
